PBL
YORK REVOLUTION @ CANTON INDIANS
05/16/2047
 
TOP OF THE 1ST
York Revolution batting - Pitching for Canton Indians : LHP Tony Flores
Pitching: LHP Tony Flores
Batting: LHB Matt Urbanek 0-0: Ball
1-0: Bunt for hit to 25 - play at first, batter OUT! 5-3
Batting: RHB Tony Perez 0-0: Called Strike
0-1: Ball
1-1: Ball
2-1: Foul Ball, location: 2F
2-2: Foul Ball, location: 2F
2-2: Fly out, F9 (Flyball, 9S, EV 85.0 MPH)
Batting: RHB Jose Corral 0-0: Foul Ball, location: 2F
0-1: Ball
1-1: Ball
2-1: Ball
3-1: Base on Balls
Batting: RHB Trent Hedrick 0-0: Ball
1-0: Ball
2-0: Ball
3-0: Base on Balls
Jose Corral to second
Batting: SHB Steve DeRienzo 0-0: Called Strike
0-1: Ball
1-1: Foul Ball, location: 2F
1-2: Foul Ball, location: 2F
1-2: Foul Ball, location: 2F
1-2: Ball
2-2: Ball
3-2: Fly out, F8 (Flyball, 8LD, EV 96.2 MPH)
Top of the 1st over - 0 runs, 0 hits, 0 errors, 2 left on base; York 0 - Canton 0
BOTTOM OF THE 1ST
Canton Indians batting - Pitching for York Revolution : LHP Cesar Andrade
Pitching: LHP Cesar Andrade
Batting: RHB Juan Ordonez 0-0: Ball
1-0: Ball
2-0: Ball
3-0: Called Strike
3-1: Swinging Strike
3-2: Strikes out looking
Batting: SHB Luis de Leon 0-0: Called Strike
0-1: Called Strike
0-2: Ground out 5-3 (Groundball, 56S, EV 80.6 MPH)
Batting: RHB Aaron Stout 0-0: Ball
1-0: Ball
2-0: DOUBLE (Line Drive, 89M, EV 99.4 MPH)
Batting: RHB Jose Rodriguez 0-0: Called Strike
0-1: Fly out, F8 (Flyball, 8RD, EV 98.8 MPH)
Bottom of the 1st over - 0 runs, 1 hit, 0 errors, 1 left on base; York 0 - Canton 0
TOP OF THE 2ND
York Revolution batting - Pitching for Canton Indians : LHP Tony Flores
Batting: RHB Ivan Barrientos 0-0: Called Strike
0-1: Ball
1-1: Foul Ball, location: 2F
1-2: SINGLE (Flyball, 3D, EV 90.6 MPH)
Batting: RHB Eddie Serna 0-0: Ball
1-0: Called Strike
Ivan Barrientos steals 2nd base
1-1: Ball
2-1: Ball
3-1: Base on Balls
Batting: LHB Travis Hahn 0-0: Ball
1-0: Called Strike
1-1: Ball
2-1: Fly out, F8 (Flyball, 8RXD, EV 87.5 MPH)
Runner from 2nd tags up, SAFE at 3rd, no throw by CF
Batting: RHB Alexis Graciani 0-0: Ball
1-0: Ball
2-0: Called Strike
2-1: Ball
3-1: Swinging Strike
3-2: Strikes out swinging
Batting: LHB Matt Urbanek 0-0: Ball
1-0: Ball
2-0: Called Strike
2-1: Ball
3-1: Foul Ball, location: 2F
3-2: Base on Balls
Eddie Serna to second
Batting: RHB Tony Perez 0-0: Ball
1-0: Ball
2-0: Ball
3-0: Foul Ball, location: 2F
3-1: Called Strike
3-2: Foul Ball, location: 2F
3-2: Fly out, F8 (Flyball, 78M, EV 88.1 MPH)
Top of the 2nd over - 0 runs, 1 hit, 0 errors, 3 left on base; York 0 - Canton 0
BOTTOM OF THE 2ND
Canton Indians batting - Pitching for York Revolution : LHP Cesar Andrade
Batting: LHB Sergei Stefanov 0-0: Called Strike
0-1: Called Strike
0-2: Ball
1-2: Strikes out swinging
Batting: RHB Leo Villa 0-0: Ball
1-0: Ground out 3-1 (Groundball, 34S, EV 90.0 MPH)
Batting: RHB Xavier Bartolani 0-0: Swinging Strike
0-1: Swinging Strike
0-2: Ball
1-2: Fly out, F8 (Line Drive, 8LM, EV 96.9 MPH)
Bottom of the 2nd over - 0 runs, 0 hits, 0 errors, 0 left on base; York 0 - Canton 0
TOP OF THE 3RD
York Revolution batting - Pitching for Canton Indians : LHP Tony Flores
Batting: RHB Jose Corral 0-0: Ball
1-0: Ball
2-0: Ball
3-0: Base on Balls
Batting: RHB Trent Hedrick 0-0: Fielders Choice at 2nd, 6-4 (Groundball, 6, EV 91.2 MPH)
Batting: SHB Steve DeRienzo 0-0: Called Strike
0-1: Ball
1-1: Ball
2-1: Ball
Trent Hedrick steals 2nd base
3-1: Base on Balls
Batting: RHB Ivan Barrientos 0-0: Ball
1-0: Ball
2-0: Swinging Strike
2-1: Grounds into double play, 6-4-3 (Groundball, 6, EV 81.2 MPH)
Top of the 3rd over - 0 runs, 0 hits, 0 errors, 1 left on base; York 0 - Canton 0
BOTTOM OF THE 3RD
Canton Indians batting - Pitching for York Revolution : LHP Cesar Andrade
Batting: RHB Patrick Pinault 0-0: Ball
1-0: Called Strike
1-1: Ball
2-1: DOUBLE (Line Drive, 7LM, EV 104.4 MPH)
Batting: RHB Tony Gonzales 0-0: Ball
1-0: Ground out 6-3 (Groundball, 6, EV 103.1 MPH)
Batting: RHB Juan Ordonez 0-0: Foul Ball, location: 2F
0-1: Ball
1-1: Ball
2-1: Foul Ball, location: 2F
2-2: Foul Ball, location: 2F
2-2: Fly out, F7 (Flyball, 7, EV 84.4 MPH)
Batting: SHB Luis de Leon 0-0: Foul Ball, location: 2F
0-1: Ball
1-1: Ball
2-1: Ball
3-1: Base on Balls
Batting: RHB Aaron Stout 0-0: Called Strike
0-1: Ball
1-1: Ball
2-1: Ball
3-1: Foul Ball, location: 2F
3-2: Foul Ball, location: 2F
3-2: Fly out, F8 (Flyball, 8LD, EV 102.5 MPH)
Bottom of the 3rd over - 0 runs, 1 hit, 0 errors, 2 left on base; York 0 - Canton 0
TOP OF THE 4TH
York Revolution batting - Pitching for Canton Indians : LHP Tony Flores
Batting: RHB Eddie Serna 0-0: Called Strike
0-1: Hit by Pitch
Batting: LHB Travis Hahn 0-0: Ball
1-0: Ball
2-0: Ball
3-0: Called Strike
3-1: Base on Balls
Eddie Serna to second
Batting: RHB Alexis Graciani 0-0: Foul Ball, location: 2F
0-1: Swinging Strike
0-2: Strikes out looking
Batting: LHB Matt Urbanek 0-0: Ball
1-0: Swinging Strike
1-1: Foul Ball, location: 2F
1-2: Ball
2-2: Foul Ball, location: 2F
2-2: Ball
3-2: SINGLE (Line Drive, 56D, EV 103.8 MPH)
Eddie Serna to third
Travis Hahn to second
Batting: RHB Tony Perez 0-0: Ball
1-0: Ball
2-0: Called Strike
2-1: Foul Ball, location: 2F
2-2: Ball
3-2: Foul Ball, location: 2F
3-2: Foul Ball, location: 2F
3-2: Foul Ball, location: 2F
3-2: Strikes out swinging
Batting: RHB Jose Corral 0-0: Ball
1-0: Ball
2-0: Ball
3-0: Called Strike
3-1: Fielders Choice at 2nd, 6-4 (Groundball, 6, EV 83.8 MPH)
Top of the 4th over - 0 runs, 1 hit, 0 errors, 3 left on base; York 0 - Canton 0
BOTTOM OF THE 4TH
Canton Indians batting - Pitching for York Revolution : LHP Cesar Andrade
Batting: RHB Jose Rodriguez 0-0: Ball
1-0: Ball
2-0: Ground out U3 (Groundball, 34, EV 92.5 MPH)
Batting: LHB Sergei Stefanov 0-0: Swinging Strike
0-1: Called Strike
0-2: Ground out 6-3 (Groundball, 6, EV 94.4 MPH)
Batting: RHB Leo Villa 0-0: Ball
1-0: Fly out, F7 (Flyball, 7, EV 75.0 MPH)
Bottom of the 4th over - 0 runs, 0 hits, 0 errors, 0 left on base; York 0 - Canton 0
TOP OF THE 5TH
York Revolution batting - Pitching for Canton Indians : LHP Tony Flores
Batting: RHB Trent Hedrick 0-0: Foul Ball, location: 2F
0-1: Ball
1-1: Swinging Strike
1-2: Ball
2-2: Reached on error, E6 (Groundball, 56, EV 103.8 MPH)
Batting: SHB Steve DeRienzo 0-0: Foul Ball, location: 2F
0-1: Ball
1-1: Ball
2-1: Swinging Strike
2-2: SINGLE (Groundball, 34S, EV 70.6 MPH) (infield hit)
Trent Hedrick to third
Pitching: RHP Mario Garza
Batting: RHB Ivan Barrientos 0-0: Fielders Choice at 2nd, 4-6 (Groundball, 4S, EV 92.5 MPH)
Trent Hedrick scores
Batting: RHB Eddie Serna 0-0: Ball
1-0: Ball
2-0: Called Strike
2-1: Ball
3-1: Foul Ball, location: 2F
3-2: Base on Balls
Ivan Barrientos to second
Batting: LHB Travis Hahn 0-0: Ball
1-0: Called Strike
1-1: Swinging Strike
1-2: Ball
2-2: Strikes out looking
Batting: RHB Alexis Graciani 0-0: SINGLE (Line Drive, 7LS, EV 100.6 MPH)
Ivan Barrientos to third
Eddie Serna to second
Runner from 3rd tries for Home, SAFE, throw by LF to home
Batting: LHB Matt Urbanek 0-0: Ball
1-0: Foul Ball, location: 2F
1-1: Ball
2-1: Called Strike
2-2: Foul Ball, location: 2F
2-2: SINGLE (Groundball, 4MD, EV 94.4 MPH)
Eddie Serna to third
Alexis Graciani to second
Runner from 3rd tries for Home, throw by CF and OUT! 8-2
Top of the 5th over - 2 runs, 3 hits, 1 error, 2 left on base; York 2 - Canton 0
BOTTOM OF THE 5TH
Canton Indians batting - Pitching for York Revolution : LHP Cesar Andrade
Batting: RHB Xavier Bartolani 0-0: Called Strike
0-1: Ball
1-1: SINGLE (Flyball, 8RS, EV 87.5 MPH)
Batting: RHB Patrick Pinault 0-0: Ball
1-0: Foul Ball, location: 2F
1-1: Ball
2-1: Foul Ball, location: 2F
2-2: Hit by Pitch
Xavier Bartolani to second
Batting: RHB Tony Gonzales 0-0: Called Strike
0-1: Fly out, F9 (Line Drive, 89M, EV 93.1 MPH)
Batting: RHB Juan Ordonez 0-0: Fielders Choice at 2nd, 6-4 (Groundball, 6, EV 79.4 MPH)
Xavier Bartolani to third
Batting: SHB Luis de Leon 0-0: Ball
1-0: Ball
2-0: Fly out, F8 (Flyball, 8RM, EV 83.1 MPH)
Bottom of the 5th over - 0 runs, 1 hit, 0 errors, 2 left on base; York 2 - Canton 0
TOP OF THE 6TH
York Revolution batting - Pitching for Canton Indians : RHP Mario Garza
Batting: RHB Tony Perez 0-0: Foul Ball, location: 2F
0-1: Ball
1-1: Called Strike
1-2: Strikes out swinging
Batting: RHB Jose Corral 0-0: Ball
1-0: SINGLE (Line Drive, 8LS, EV 91.9 MPH)
Batting: RHB Trent Hedrick 0-0: Called Strike
0-1: Ball
1-1: Fly out, F5 (Popup, 5S, EV 80.0 MPH)
Batting: SHB Steve DeRienzo 0-0: Ball
1-0: Called Strike
1-1: Ball
2-1: Ball
3-1: Foul Ball, location: 2F
3-2: Foul Ball, location: 2F
3-2: Base on Balls
Jose Corral to second
Batting: RHB Ivan Barrientos 0-0: Swinging Strike
0-1: Ball
1-1: 3-RUN HOME RUN (Flyball, 7D, EV 98.1 MPH), Distance : 390 ft
Batting: RHB Eddie Serna 0-0: Ball
1-0: Called Strike
1-1: Ball
2-1: Ground out 6-3 (Groundball, 6, EV 97.5 MPH)
Top of the 6th over - 3 runs, 2 hits, 0 errors, 0 left on base; York 5 - Canton 0
BOTTOM OF THE 6TH
Canton Indians batting - Pitching for York Revolution : LHP Cesar Andrade
Batting: RHB Aaron Stout 0-0: Fly out, F7 (Flyball, 7, EV 85.0 MPH)
Batting: RHB Jose Rodriguez 0-0: Called Strike
0-1: Ball
1-1: Ground out 3-1 (Groundball, 34S, EV 68.1 MPH)
Batting: LHB Sergei Stefanov 0-0: Ball
1-0: Ball
2-0: Called Strike
2-1: DOUBLE (Groundball, 3D, EV 101.2 MPH)
Batting: RHB Leo Villa 0-0: Called Strike
0-1: Foul Ball, location: 2F
0-2: Ball
1-2: Ground out U3 (Groundball, 34, EV 91.9 MPH)
Bottom of the 6th over - 0 runs, 1 hit, 0 errors, 1 left on base; York 5 - Canton 0
TOP OF THE 7TH
York Revolution batting - Pitching for Canton Indians : RHP Mario Garza
Batting: LHB Travis Hahn 0-0: Ball
1-0: Fly out, F7 (Flyball, 78M, EV 95.6 MPH)
Batting: RHB Alexis Graciani 0-0: Ground out 6-3 (Groundball, 6, EV 78.1 MPH)
Batting: LHB Matt Urbanek 0-0: Ball
1-0: Ball
2-0: Foul Ball, location: 2F
2-1: Ball
3-1: Foul Ball, location: 2F
3-2: SINGLE (Line Drive, 8RS, EV 89.4 MPH)
Batting: RHB Tony Perez 0-0: Foul Ball, location: 2F
0-1: Ball
1-1: Ball
2-1: Foul Ball, location: 2F
2-2: Ball
3-2: SINGLE (Line Drive, 89S, EV 108.1 MPH)
Matt Urbanek to second
Matt Urbanek to third
Pitching: RHP Joe Babich
Batting: RHB Jose Corral 0-0: Foul Ball, location: 2F
0-1: Swinging Strike
0-2: Ball
1-2: Foul Ball, location: 2F
1-2: Strikes out looking
Top of the 7th over - 0 runs, 2 hits, 0 errors, 2 left on base; York 5 - Canton 0
BOTTOM OF THE 7TH
Canton Indians batting - Pitching for York Revolution : LHP Cesar Andrade
Pitching: RHP George Crousse
Batting: RHB Xavier Bartolani 0-0: Ball
1-0: Ball
2-0: Called Strike
2-1: SINGLE (Groundball, 6S, EV 97.5 MPH)
Batting: RHB Patrick Pinault 0-0: Ball
1-0: Ball
2-0: Fly out, F9 (Flyball, 9S, EV 88.8 MPH)
Batting: RHB Tony Gonzales 0-0: Ball
1-0: Foul Ball, location: 2F
1-1: Fielders Choice at 2nd, 3-6 (Groundball, 3S, EV 77.5 MPH)
Batting: RHB Juan Ordonez 0-0: Called Strike
0-1: Foul Ball, location: 2F
0-2: Ball
1-2: Ball
Tony Gonzales steals 2nd, throwing error, E2
Tony Gonzales to third
2-2: Foul Ball, location: 2F
2-2: Strikes out swinging
Bottom of the 7th over - 0 runs, 1 hit, 1 error, 1 left on base; York 5 - Canton 0
TOP OF THE 8TH
York Revolution batting - Pitching for Canton Indians : RHP Joe Babich
Batting: RHB Trent Hedrick 0-0: Ball
1-0: Ball
2-0: Called Strike
2-1: Foul Ball, location: 2F
2-2: Strikes out looking
Batting: SHB Steve DeRienzo 0-0: Ball
1-0: Foul Ball, location: 2F
1-1: Called Strike
1-2: Strikes out swinging
Batting: RHB Ivan Barrientos 0-0: Ball
1-0: Swinging Strike
1-1: Foul Ball, location: 2F
1-2: Ball
2-2: Foul Ball, location: 2F
2-2: Ball
3-2: Strikes out looking
Top of the 8th over - 0 runs, 0 hits, 0 errors, 0 left on base; York 5 - Canton 0
BOTTOM OF THE 8TH
Canton Indians batting - Pitching for York Revolution : RHP George Crousse
Batting: SHB Luis de Leon 0-0: Ball
1-0: Foul Ball, location: 2F
1-1: Foul Ball, location: 2F
1-2: Ball
2-2: SINGLE (Groundball, 4D, EV 102.5 MPH)
Batting: RHB Aaron Stout 0-0: Ball
1-0: Ball
2-0: Ball
3-0: Base on Balls
Luis de Leon to second
Batting: RHB Jose Rodriguez 0-0: Called Strike
0-1: Ball
1-1: Hit by Pitch
Luis de Leon to third
Aaron Stout to second
Pinch Hitting: RHB Justin Teague 0-0: Ball
1-0: Ball
2-0: Ball
3-0: Called Strike
3-1: Base on Balls
Luis de Leon scores
Aaron Stout to third
Jose Rodriguez to second
Batting: LHB Mesfin Azagba 0-0: Ball
1-0: Ball
2-0: Foul Ball, location: 2F
2-1: Fly out, F6 (Popup, 6S, EV 68.1 MPH)
Pitching: LHP Gilg Martin
Pinch Hitting: RHB Bill Ortiz 0-0: Ball
1-0: SINGLE (Line Drive, 8LS, EV 91.2 MPH)
Aaron Stout scores
Jose Rodriguez to third
Justin Teague to second
Runner from 3rd tries for Home, SAFE, throw by CF to home
Pinch Hitting: RHB Justin Young 0-0: DOUBLE (Line Drive, 9LD, EV 103.1 MPH)
Justin Teague scores
Bill Ortiz to third
Pinch Hitting: RHB Leo Candelas 0-0: Ball
1-0: Ground out U3 (Groundball, 13, EV 87.5 MPH)
Bill Ortiz scores
Justin Young to third
Batting: RHB Juan Ordonez 0-0: Foul Ball, location: 2F
0-1: Foul Ball, location: 2F
0-2: Fly out, F8 (Flyball, 8LS, EV 80.6 MPH)
Bottom of the 8th over - 5 runs, 3 hits, 0 errors, 1 left on base; York 5 - Canton 5
TOP OF THE 9TH
York Revolution batting - Pitching for Canton Indians : RHP Joe Babich
Now at 2B: Leo Candelas
Now at 3B: Cruz Castro
Now in LF: Justin Young
Now in RF: Justin Teague
Batting: RHB Eddie Serna 0-0: Ball
1-0: Fly out, F9 (Flyball, 9D, EV 95.6 MPH)
Batting: LHB Travis Hahn 0-0: Fly out, F3 (Popup, 23F, EV 79.4 MPH)
Pinch Hitting: RHB Simon Mergeni 0-0: Called Strike
0-1: Swinging Strike
0-2: Strikes out looking
Top of the 9th over - 0 runs, 0 hits, 0 errors, 0 left on base; York 5 - Canton 5
BOTTOM OF THE 9TH
Canton Indians batting - Pitching for York Revolution : LHP Gilg Martin
Now at 1B: Joel Gomez
Batting: SHB Luis de Leon 0-0: Fly out, F9 (Flyball, 89M, EV 88.8 MPH)
Batting: RHB Aaron Stout 0-0: Ball
1-0: Ball
2-0: Ball
3-0: Base on Balls
Batting: RHB Jose Rodriguez 0-0: Ball
1-0: SINGLE (Groundball, 34, EV 105.0 MPH) (infield hit)
Aaron Stout to second
Batting: RHB Justin Teague 0-0: Grounds into double play, 5-4-3 (Groundball, 56, EV 81.9 MPH)
Bottom of the 9th over - 0 runs, 1 hit, 0 errors, 1 left on base; York 5 - Canton 5
TOP OF THE 10TH
York Revolution batting - Pitching for Canton Indians : RHP Joe Babich
Batting: LHB Matt Urbanek 0-0: Ball
1-0: Swinging Strike
1-1: Ball
2-1: Ground out 5-3 (Groundball, 5, EV 79.4 MPH)
Batting: RHB Tony Perez 0-0: Ball
1-0: Ball
2-0: Ball
3-0: Base on Balls
Pitching: RHP Conrado Cristina
Batting: RHB Jose Corral 0-0: Ball
1-0: Ball
Tony Perez is caught stealing 2nd base 2-4
2-0: Foul Ball, location: 2F
2-1: Called Strike
2-2: Ball
3-2: Strikes out swinging
Top of the 10th over - 0 runs, 0 hits, 0 errors, 0 left on base; York 5 - Canton 5
BOTTOM OF THE 10TH
Canton Indians batting - Pitching for York Revolution : LHP Gilg Martin
Batting: LHB Mesfin Azagba 0-0: Called Strike
0-1: Foul Ball, location: 2F
0-2: Ball
1-2: Strikes out looking
Pinch Hitting: RHB Russ Kennett 0-0: Called Strike
0-1: Foul Ball, location: 2F
0-2: Ground out 4-3 (Groundball, 4, EV 81.9 MPH)
Batting: RHB Justin Young 0-0: Swinging Strike
0-1: Fly out, F7 (Line Drive, 7S, EV 95.6 MPH)
Bottom of the 10th over - 0 runs, 0 hits, 0 errors, 0 left on base; York 5 - Canton 5
TOP OF THE 11TH
York Revolution batting - Pitching for Canton Indians : RHP Conrado Cristina
Now at 3B: Russ Kennett
Batting: RHB Trent Hedrick 0-0: Ball
1-0: Foul Ball, location: 2F
1-1: Foul Ball, location: 2F
1-2: Foul Ball, location: 2F
1-2: DOUBLE (Line Drive, 9LM, EV 108.8 MPH)
Batting: SHB Steve DeRienzo 0-0: Swinging Strike
0-1: Foul Ball, location: 2F
0-2: Strikes out looking
Batting: RHB Ivan Barrientos 0-0: Swinging Strike
0-1: Foul Ball, location: 2F
0-2: Fly out, F7 (Flyball, 78M, EV 91.2 MPH)
Batting: RHB Eddie Serna 0-0: Ball
1-0: Ball
2-0: Called Strike
2-1: Foul Ball, location: 2F
2-2: Ball
3-2: Base on Balls
Batting: LHB Travis Hahn 0-0: Foul Ball, location: 2F
0-1: Foul Ball, location: 2F
0-2: SINGLE (Flyball, 7LM, EV 87.5 MPH)
Trent Hedrick to third
Eddie Serna to second
Runner from 3rd tries for Home, SAFE, throw by LF to home
Batting: RHB Joel Gomez 0-0: Ball
1-0: Foul Ball, location: 2F
1-1: Called Strike
1-2: Strikes out looking
Top of the 11th over - 1 run, 2 hits, 0 errors, 2 left on base; York 6 - Canton 5
BOTTOM OF THE 11TH
Canton Indians batting - Pitching for York Revolution : LHP Gilg Martin
Batting: RHB Leo Candelas 0-0: Called Strike
0-1: Ball
1-1: Foul Ball, location: 2F
1-2: SINGLE (Groundball, 56D, EV 100.0 MPH)
Batting: RHB Juan Ordonez 0-0: Sac Bunt to 15 - play at first, batter safe!
Leo Candelas to second
Batting: SHB Luis de Leon 0-0: Ball
1-0: Ball
2-0: Ball
3-0: Called Strike
3-1: Called Strike
3-2: Strikes out swinging
Batting: RHB Aaron Stout 0-0: Ball
1-0: Foul Ball, location: 2F
1-1: Foul Ball, location: 2F
1-2: Ball
2-2: Ball
3-2: Fly out, F6 (Flyball, 56D, EV 86.9 MPH)
Batting: RHB Jose Rodriguez 0-0: Ball
1-0: Ball
2-0: Ball
3-0: Called Strike
3-1: DOUBLE (Flyball, 89XD, EV 101.2 MPH)
Leo Candelas scores
Juan Ordonez to third
Runner from 3rd tries for Home, SAFE, throw by CF to trailing runner, SAFE at third!
Bottom of the 11th over - 2 runs, 3 hits, 0 errors, 1 left on base; York 6 - Canton 7
Thursday, December 15th , 2022 - OOTP Baseball 23.9 Build 102